 Dungeon Crawl Stone Soup version 0.29.1-15-g9cfb28693d (webtiles) character file.

Game seed: 14904144451784007125

63 KyoPewz the Firebug (level 4, -2/24 HPs)
             Began as a Gargoyle Fire Elementalist on Feb 23, 2023.
             Killed from afar by Sigmund (4 damage)
             ... with a magic dart
             ... on level 2 of the Dungeon.
             The game lasted 00:09:07 (2110 turns).

KyoPewz the Firebug (Gargoyle Fire Elementalist)    Turns: 2110, Time: 00:09:07

Health: -2/24      AC:  7    Str: 12    XL:     4   Next: 10%
Magic:  7/7        EV: 11    Int: 17    God:
Gold:   135        SH:  0    Dex: 10    Spells: 0/7 levels left

rFire   . . .      SeeInvis .   i - +0 long sword
rCold   . . .      Faith    .   (no shield)
rNeg    + . .      Spirit   .   a - +0 robe
rPois   ∞          Reflect  .   (no helmet)
rElec   +          Harm     .   k - +0 cloak
rCorr   .          Rampage  .   (no gloves)
Will    .....                   o - +0 pair of boots
Stlth   ++........              (no amulet)
HPRegen 0.08/turn               (no ring)
MPRegen 0.10/turn               (no ring)

@: no status effects
A: sickness immunity, AC +3, negative energy resistance 1, electricity
resistance, torment resistance 1, petrification resistance
a: no special abilities


You were on level 2 of the Dungeon.
You visited 1 branch of the dungeon, and saw 2 of its levels.

You collected 135 gold pieces.

Inventory:

Hand Weapons
 i - a +0 long sword (weapon)
 l - a +0 dagger
Missiles
 d - a throwing net
 r - 5 atropa-tipped darts
 s - 2 poisoned darts
Armour
 a - a +0 robe (worn)
 h - a +0 buckler
 k - a +0 cloak (worn)
 n - a +0 ring mail
 o - a +0 pair of boots (worn)
Scrolls
 c - a scroll of immolation {unknown}
 e - 4 scrolls of identify {unknown}
 f - a scroll of teleportation {unknown}
 g - a scroll of noise {unknown}
 j - a scroll of summoning {unknown}
 m - a scroll of enchant armour {unknown}
 p - a scroll of magic mapping {unknown}
 q - a scroll of enchant weapon {unknown}
Potions
 b - a potion of magic
 t - a potion of haste {unknown}


   Skills:
 - Level 1.5 Dodging
 - Level 2.1 Stealth
 + Level 2.2 Spellcasting
 + Level 2.3 Conjurations
 * Level 4.2 Fire Magic


You couldn't memorise any spells.
You knew the following spells:

 Your Spells              Type           Power      Damage    Failure   Level
a - Foxfire               Conj/Fire      52%        2x1d6     4%          1
b - Scorch                Fire           32%        2d7       4%          2
c - Flame Wave            Conj/Fire      13%        2d6       43%         4

Your spell library contained the following spells:

 Spells                   Type           Power      Damage    Failure   Level
 Conjure Flame            Conj/Fire      13%        6-21      14%         3
 Inner Flame              Hex/Fire       9%         N/A       24%         3
 Ozocubu's Armour         Ice            1%         N/A       50%         3
 Ozocubu's Refrigeration  Ice            0%         4d7       100%        7


Dungeon Overview and Level Annotations

Branches:
Dungeon (2/15)

Altars:

Annotations:
D:2 Sigmund


Innate Abilities, Weirdness & Mutations

You are immune to sickness and miasma.
Your stone body is resilient. (AC +3)
You are immune to poison.
You resist negative energy. (rN+)
You are resistant to electric shocks. (rElec)
You are resistant to unholy torment.
You are immune to petrification.


Message History

You are constricted.
You escape the roots grasp.
A magic dart appears from out of thin air!
The magic dart hits you.
You are confused.
You're too confused to move!
You bump into the rock wall.
You bump into the rock wall.
You feel less confused.
Casting: Foxfire (safe; 4% risk of failure)
Confirm with . or Enter, or press ? or * to list all spells.
Flames lash Sigmund.
Sigmund is severely wounded.
Sigmund's fire resistance burns away.
Sigmund mumbles some strange words.
Sigmund flickers and vanishes!
You hear a zap.
The roots erupt in riotous growth!
The grasping roots grab you!
You are constricted.
* * * LOW HITPOINT WARNING * * *
Unknown command.
Casting: Scorch (safe; 4% risk of failure)
Confirm with . or Enter, or press ? or * to list all spells.
You can't see any susceptible monsters within range! (Use Z to cast anyway.) Unknown command.
Unknown command.
Casting: Scorch (safe; 4% risk of failure)
Confirm with . or Enter, or press ? or * to list all spells.
Nothing appears to happen.
You are constricted.
* * * LOW HITPOINT WARNING * * *
The grasping roots release their grip on you.
Casting: Scorch (safe; 4% risk of failure)
Confirm with . or Enter, or press ? or * to list all spells.
You don't have enough magic to cast this spell.
Unknown command.
Magic courses through your body.
A magic dart appears from out of thin air!
The magic dart hits you.
You die...

#.###########.# #.# #.# #.# #÷#
#.#######.# #.# #......†..# #.#
########### #.# ######.########
###################.........<...#
#............{..@...####.######.#
#.###.#####.######### #..## #.#
#.# #.# #.# #...# #.# ..# #.# #.#
#####.#####.# ### #.# #.#
#.........#.# #># #.#
#.#######.#.# #[# #.# #.# #)...
#####.# #.# #.# #.#.# ..)...# #.#
#.# #.#.#


There were no monsters in sight!

Vanquished Creatures
  2 adders (D:2)
  2 dart slugs (D:1)
  3 endoplasms (D:1)
  3 giant cockroaches
  A goblin (D:2)
  5 hobgoblins
  3 quokkas
  6 ball pythons
  9 bats
  A frilled lizard (D:1)
  2 kobolds (D:1)
  2 rats (D:2)
39 creatures vanquished.

Vanquished Creatures (others)
  98 foxfires
98 creatures vanquished.

Grand Total: 137 creatures vanquished

Notes
Turn   | Place    | Note
-------+----------+-------------------------------------------
     0 | D:1      | KyoPewz the Gargoyle Fire Elementalist began the quest for
                  | the Orb.
     0 | D:1      | Reached XP level 1. HP: 10/10 MP: 3/3
   160 | D:1      | Reached XP level 2. HP: 13/15 MP: 0/5
   163 | D:1      | Learned a level 2 spell: Scorch
   800 | D:1      | Reached XP level 3. HP: 19/19 MP: 4/6
  1520 | D:2      | Reached skill level 4 in Fire Magic
  1703 | D:2      | Reached XP level 4. HP: 24/24 MP: 2/7
  1759 | D:2      | Learned a level 4 spell: Flame Wave
  2064 | D:2      | Noticed Sigmund
  2110 | D:2      | Killed from afar by Sigmund

Illustrated notes

Levels and vault maps discovered:
D:1:      wander_arrival_lonely_grave, layout_loops_corners,
          palyth_stone_intersect, nicolae_concentric_dashed_squares_mild
D:2:      layout_loops_ring, uniq_sigmund

Skill      XL: |  1  2  3 |
---------------+----------+-----
Conjurations   | 2 |  2.3
Fire Magic     | 4 |  4.2
Dodging        | |  1.5
Stealth        | |  2.1
Spellcasting   | |  2.2

Action                   |  1- 3 |  4- 6 || total
-------------------------+-------+-------++-------
Melee: Unarmed           |     1 |       ||     1
       Whip              |     6 |       ||     6
       Long sword        |    19 |     5 ||    24
 Cast: Foxfire           |    51 |     9 ||    60
       Scorch            |     4 |     3 ||     7
  Use: Potion            |       |     1 ||     1
 Stab: Sleeping          |     1 |     1 ||     2
Armor: Robe              |    14 |     4 ||    18
Dodge: Dodged            |    35 |     5 ||    40
